 Dungeon Crawl Stone Soup version 0.28-a0-475-g7dc2aef8ca (webtiles) character file.

Game seed: 16717251595637652965

28 Dabor the Skirmisher (level 3, 0/29 HPs)
             Began as a Formicid Abyssal Knight on Sept 16, 2021.
             Was a Follower of Lugonu.
             Succumbed to an adder's poison
             ... on level 2 of the Dungeon.
             The game lasted 00:02:50 (1270 turns).

Dabor the Skirmisher (Formicid Abyssal Knight)      Turns: 1270, Time: 00:02:51

Health: 0/29       AC:  3    Str: 17    XL:     3   Next: 30%
Magic:  4/4        EV: 11    Int: 11    God:    Lugonu [*.....]
Gold:   50         SH:  0    Dex: 10    Spells: 2/2 levels left

rFire   + . .      SeeInvis +   a - +1 spear
rCold   . . .      Faith    .   (no shield)
rNeg    . . .      Spirit   .   b - +0 leather armour
rPois   .          Reflect  .   (helmet unavailable)
rElec   .          Harm     .   (no cloak)
rCorr   .          Rampage  .   (no gloves)
Will    .....                   (no boots)
Stlth   +.........              (no amulet)
HPRegen 0.09/turn               (no ring)
MPRegen 0.09/turn               (no ring)

@: lethally poisoned (0 -> -6)
A: permanent stasis, dig shafts and tunnels, antennae 3, four strong arms, fire
resistance 1, noise suppression, devolution 1
a: Dig, Shaft Self, Renounce Religion, Depart the Abyss


You were on level 2 of the Dungeon.
You worshipped Lugonu.
Lugonu was aware of your devotion.
You visited 1 branch of the dungeon, and saw 2 of its levels.
You visited the Abyss 1 time.

You collected 50 gold pieces.

Inventory:

Hand Weapons
 a - a +1 spear (weapon)
Armour
 b - a +0 leather armour (worn)
Potions
 h - 2 potions of flight


   Skills:
 + Level 3.5 Fighting
 + Level 2.3 Polearms
 + Level 2.6 Armour
 + Level 1.3 Dodging
 + Level 2.6 Invocations


You had 2 spell levels left.
You didn't know any spells.
Your spell library contained the following spells:

 Spells                   Type           Power      Damage    Failure   Level
 Ensorcelled Hibernation  Hex/Ice        0%         N/A       54%         2
 Tukima's Dance           Hex            0%         N/A       77%         3


Dungeon Overview and Level Annotations

Branches:
Dungeon (2/15)

Altars:


Innate Abilities, Weirdness & Mutations

You cannot be hasted, slowed, berserked, paralysed or teleported.
You can dig through walls and to a lower floor.
You have a pair of large antennae on your head. (SInv)
Your four strong arms can wield two-handed weapons with a shield.
Your flesh is heat resistant. (rF+)
You passively dampen the noise of your surroundings.
You have hidden genetic defects.


Message History

h - 2 potions of flight The adder closely misses you.
As you read the scroll labelled APHIYS TIZUKI, it crumbles to dust.
It is a scroll of amnesia.
You feel forgetful for a moment. The adder misses you.
The adder closely misses you.
As you read the scroll labelled PYIQERGHEOKE, it crumbles to dust.
You feel a strange sense of stasis.
It was a scroll of teleportation.
The adder misses you.
It was a potion of ambrosia.
You are confused.
You feel invigorated. The adder bites you.
You barely miss the adder. The adder bites you but does no damage.
The adder barely misses you.
You bump into the rock wall.
The adder bites you.
You bump into the rock wall.
The adder bites you.
You are poisoned.
The adder poisons you!
You're too confused to move!
You feel less invigorated.
You feel less confused.
You feel sick. The adder bites you.
You are more poisoned.
The adder poisons you! The adder barely misses you.
You closely miss the adder.
You feel sick. The adder bites you.
You barely miss the adder.
You feel sick. The adder bites you.
You hit the adder.
The adder is heavily wounded.
You feel sick. The adder bites you.
It was a potion of mutation.
You feel extremely strange.
You feel your surroundings grow quieter.
You feel resistant to heat.
You feel a hidden malignance growing inside you.
You feel sick. The adder bites you.
* * * LOW HITPOINT WARNING * * *
You aren't carrying any scrolls.
You feel sick. The adder bites you.
* * * LOW HITPOINT WARNING * * *
You are more poisoned.
The adder poisons you!
You die...

###.)....# #+#####
#........###.##
#...####......#
######## #...#
#......# #......#
#...# #).....#
#......# #...#
#......# #......#
#...# #......#
#......+ #...#
#......######......#
## #...#
#####..@.SK†.......#
. #...#
########.......#.#
#.......#.#
#.........#
#.###+#.###
#.#...#.# ..#...#'##
...#......#
....#......#


You could see an adder and a kobold.

Vanquished Creatures
  A worm (D:2)
  2 ball pythons
  2 bats
  2 endoplasms (D:1)
  2 goblins (D:1)
  5 hobgoblins (D:1)
  5 kobolds
  3 frilled lizards
  3 rats
25 creatures vanquished.

Notes
Turn   | Place    | Note
-------+----------+-------------------------------------------
     0 | Abyss:1  | Dabor the Formicid Abyssal Knight began the quest for the
                  | Orb.
     0 | Abyss:1  | Reached XP level 1. HP: 18/18 MP: 2/2
    90 | Abyss:1  | Noticed a sixfirhy
    94 | D:1      | Escaped the Abyss
   117 | D:1      | Reached skill level 1 in Dodging
   143 | D:1      | Reached * piety under Lugonu
   146 | D:1      | Reached XP level 2. HP: 21/24 MP: 3/3
   844 | D:1      | Reached XP level 3. HP: 27/29 MP: 4/4
  1268 | D:2      | Gained mutation: You passively dampen the noise of your
                  | surroundings. [potion of mutation]
  1268 | D:2      | Gained mutation: Your flesh is heat resistant. (rF+)
                  | [potion of mutation]
  1268 | D:2      | Gained mutation: You have hidden genetic defects. [potion
                  | of mutation]
  1270 | D:2      | Succumbed to an adder's poison

Illustrated notes

Levels and vault maps discovered:
D:1:      shiori_arrival_oz, layout_loops_cross, nrook_loot_triangle
D:2:      layout_basic, hellmonk_ecumenical_altar_watching_god,
          columned_hall_lemuel

Skill      XL: |  1 |
---------------+----+-----
Dodging        | 1 |  1.3
Fighting       | |  3.5
Polearms       | |  2.3
Armour         | |  2.6
Invocations    | |  2.6

Action                   || total
-------------------------++-------
Melee: Spear             ||    75
Invok: Depart the Abyss  ||     1
  Use: Scroll            ||     4
       Potion            ||     2
 Stab: Sleeping          ||     1
Armor: Leather armour    ||    17
Dodge: Dodged            ||    40

Table legend: (Time is in decaauts)
 A = Elapsed time spent in this place.
 B = Non-inter-level travel time spent in this place.
 C = Inter-level travel time spent in this place.
 D = Time resting spent in this place.
 E = Time spent auto-exploring this place.
 F = Levels seen in this place.
 G = Mean time per level.
                   A        B        C        D        E       F      G
               +--------+--------+--------+--------+--------+-----+--------+
         Total |   1268 |   1251 |     17 |      0 |    969 |   3 |  422.7 |
       Dungeon |   1174 |   1157 |     17 |      0 |    965 |   2 |  587.0 |
         Abyss |     94 |     94 |      0 |      0 |      4 |   1 |   94.0 |
               +--------+--------+--------+--------+--------+-----+--------+

Top non-repeatable levels by time:
     D:1: 813 daAuts
     D:2: 361 daAuts
 Abyss:1: 94 daAuts
